 Dungeon Crawl Stone Soup version 0.28-a0-909-g796cbd3a86 (webtiles) character file.

Game seed: 4073875700105781930

35 ytrimaz the Skirmisher (level 3, 29/29 HPs)
             Began as a Demonspawn Fighter on Nov 24, 2021.
             Quit the game on level 2 of the Dungeon.
             The game lasted 00:01:25 (1305 turns).

ytrimaz the Skirmisher (Demonspawn Fighter)         Turns: 1305, Time: 00:01:26

Health: 29/29      AC:  7    Str: 17    XL:     3   Next: 16%
Magic:  3/3        EV:  9    Int:  9    God:
Gold:   37         SH:  4    Dex: 12    Spells: 2/2 levels left

rFire   . . .      SeeInvis +   a - +1 war axe
rCold   . . .      Faith    .   c - +0 buckler
rNeg    . . .      Spirit   .   b - +1 scale mail
rPois   .          Reflect  .   (no helmet)
rElec   .          Harm     .   (no cloak)
rCorr   .          Rampage  .   (no gloves)
Will    .....                   (no boots)
Stlth   ..........              (no amulet)
HPRegen 0.09/turn               g - ring of see invisible
MPRegen 0.08/turn               (no ring)

@: no status effects
A: hooves 1, ignite blood 1
a: no special abilities


You were on level 2 of the Dungeon.
You visited 1 branch of the dungeon, and saw 2 of its levels.

You collected 37 gold pieces.

Inventory:

Hand Weapons
 a - a +1 war axe (weapon)
Armour
 b - a +1 scale mail (worn)
 c - a +0 buckler (worn)
Jewellery
 g - a ring of see invisible (left hand)
Potions
 d - a potion of might


   Skills:
 * Level 3.4 Fighting
 + Level 2.0 Axes
 * Level 3.0 Armour
 * Level 3.1 Shields


You had 2 spell levels left.
You didn't know any spells.
Your spell library was empty.

Dungeon Overview and Level Annotations

Branches:
Dungeon (2/15)

Altars:

Shops:
D:1 :


Innate Abilities, Weirdness & Mutations

You have large cloven feet.
Your demonic aura sometimes causes spilled blood to erupt in flames.


Message History

A frilled lizard comes into view.
Found a scroll labelled YTEIF ICOJO.
A frilled lizard is nearby!
A frilled lizard is nearby!
As you read the scroll labelled YTAP FECLAD, it crumbles to dust.
It is a scroll of enchant weapon.
Your +0 war axe glows red for a moment.
As you read the scroll labelled QEETIE VAIRUME, it crumbles to dust.
It is a scroll of enchant armour.
Your +0 scale mail glows green for a moment.
As you read the scroll labelled ZOSAOR FUROB, it crumbles to dust.
It is a scroll of identify.
f - a potion of degeneration You drop a potion of degeneration.
g - a ring of see invisible (left hand)
You block the frilled lizard's attack.
You closely miss the frilled lizard. Your kick misses the frilled lizard.
The frilled lizard bites you but does no damage.
You hit the frilled lizard.
You kill the frilled lizard!
No target in view!
No target in view!
No target in view!
No target in view!
No target in view!
No target in view!
No target in view!
No target in view!
You see here a frilled lizard corpse.
A dart slug comes into view.
Found a stone staircase leading down.
You see here a scroll labelled YTEIF ICOJO.
A dart slug is nearby!
A dart slug is nearby!
A dart slug is nearby!
e - a scroll labelled YTEIF ICOJO
As you read the scroll labelled YTEIF ICOJO, it crumbles to dust.
Wisps of shadow whirl around you...
It was a scroll of summoning.
Unknown command.
Are you sure you want to abandon this character and quit the game? (Confirm with "yes".)

##.####..........
.#.####..........
.#.#.............
...#.............
####......########
...#......!†.....#
..[..............####.#.
.....#####.......w......
.....# #......@B......
.....# ######.........
.#.#.# ....SK.....
....... ..........$.>
...#.### ..........##.##
....... ..........# #
....... ...........
...... ............
......


You could see a friendly worm (summoned), a friendly adder (summoned), a
friendly giant cockroach (summoned) and a friendly kobold (summoned).

Vanquished Creatures
  An adder (D:2)
  2 ball pythons (D:1)
  2 bats (D:1)
  An endoplasm (D:2)
  4 goblins
  5 hobgoblins
  A quokka (D:1)
  3 frilled lizards
  5 kobolds
24 creatures vanquished.

Notes
Turn   | Place    | Note
-------+----------+-------------------------------------------
     0 | D:1      | ytrimaz the Demonspawn Fighter began the quest for the Orb.
     0 | D:1      | Reached XP level 1. HP: 18/18 MP: 1/1
   347 | D:1      | Gained mutation: Your demonic aura sometimes causes spilled
                  | blood to erupt in flames. [demonic ancestry]
   347 | D:1      | Reached XP level 2. HP: 24/24 MP: 2/2
   354 | D:1      | Found Minwugiv's Book Emporium.
   881 | D:1      | Found a faded altar of an unknown god.
  1268 | D:2      | Gained mutation: You have large cloven feet. [demonic
                  | ancestry]
  1268 | D:2      | Reached XP level 3. HP: 28/29 MP: 3/3
  1305 | D:2      | Quit the game

Illustrated notes

Levels and vault maps discovered:
D:1:      saegor_arrival_miasma, layout_loops_ring,
          hellmonk_ecumenical_altar_zigzags, serial_shops, shop, minivault_24
D:2:      wad_river_or_something, layout_basic

Skill      XL: |  1  2 |
---------------+-------+-----
Shields        | 3 |  3.1
Armour         | 3 |  3.0
Axes           | 2 |  2.0
Fighting       | |  3.4

Action                   || total
-------------------------++-------
Melee: War axe           ||    60
  Use: Scroll            ||     5
Armor: Scale mail        ||    33
Dodge: Dodged            ||    43
Block: Buckler           ||    23

Table legend: (Time is in decaauts)
 A = Elapsed time spent in this place.
 B = Non-inter-level travel time spent in this place.
 C = Inter-level travel time spent in this place.
 D = Time resting spent in this place.
 E = Time spent auto-exploring this place.
 F = Levels seen in this place.
 G = Mean time per level.
                   A        B        C        D        E       F      G
               +--------+--------+--------+--------+--------+-----+--------+
         Total |   1330 |   1241 |     89 |      0 |   1031 |   2 |  665.0 |
       Dungeon |   1330 |   1241 |     89 |      0 |   1031 |   2 |  665.0 |
               +--------+--------+--------+--------+--------+-----+--------+

Top non-repeatable levels by time:
     D:1: 1108 daAuts
     D:2: 222 daAuts
